[Event "Titled Tuesday Blitz March 01 Late 2022"]
[White "Zubritskiy, Artyom"]
[Black "Aukhatov, Roman"]
[WhiteFideId "4181247"]
[BlackFideId "44150768"]
[WhiteElo "2459"]
[BlackElo "2112"]
[Result "1-0"]
[Round "09"]
[TimeControl "180+1"]
[Date "2022.03.01"]
[WhiteClock "0:00:08"]
[BlackClock "0:00:01"]

1. d4 Nf6 2. c4 c5 3. dxc5 e6 4. Nf3 Bxc5 5. e3 O-O 6. Qc2 Nc6 7. a3 Bb6 8. Bd3 d5 9. Nc3 d4 10. exd4 Nxd4 11. Nxd4 Bxd4 12. O-O a6 13. Bg5 h6 14. Bh4 Be5 15. Rad1 Qc7 16. Bg3 Bxg3 17. hxg3 Bd7 18. Ne4 Nxe4 19. Bxe4 Bc6 20. b3 Rfd8 21. Bxc6 Qxc6 22. Rxd8+ Rxd8 23. Rd1 Rxd1+ 24. Qxd1 Qc5 25. Qd8+ Kh7 26. Qd7 b5 27. cxb5 axb5 28. Qxf7 Qxa3 29. Qxe6 Qc1+ 30. Kh2 Qc2 31. f3 Qc5 32. g4 Qc7+ 33. Kh3 Qc1 34. Qf5+ Kh8 35. Qxb5 Qh1+ 36. Kg3 Qe1+ 37. Kf4 Qd2+ 38. Ke4 Qc2+ 39. Ke3 Qxg2 40. Qe8+ Kh7 41. Qe4+ Kh8 42. b4 Qg1+ 43. Kd3 Qb1+ 44. Kc4 Qc1+ 45. Kb5 Qc8 46. Qc6 Qb8+ 47. Kc4 Qf4+ 48. Qe4 Qc1+ 49. Kd5 Qd1+ 50. Kc6 Qa4+ 51. b5 Qa8+ 52. Kc7 Qa7+ 53. Qb7 Qc5+ 54. Qc6 Qe5+ 55. Kb7 h5 56. gxh5 Qxh5 57. b6 Qa5 58. Kc7 Qa4 59. Qxa4 1-0


[Site "https://www.chess.com"]

[Event "Titled Tuesday Blitz March 01 Late 2022"]
[White "Aldokhin, Ivan"]
[Black "Rorrer, Grayson"]
[WhiteFideId "24115720"]
[BlackFideId "30944996"]
[WhiteElo "2231"]
[BlackElo "2122"]
[Result "0-1"]
[Round "10"]
[TimeControl "180+1"]
[Date "2022.03.01"]
[WhiteClock "0:00:02"]
[BlackClock "0:00:07"]

1. e4 e5 2. Nf3 Nc6 3. Bb5 a6 4. Ba4 g6 5. O-O Bg7 6. Nc3 Nge7 7. Nd5 O-O 8. d3 h6 9. Be3 b5 10. Bb3 d6 11. a4 bxa4 12. Rxa4 Kh7 13. Nxe7 Qxe7 14. Bd5 Bd7 15. Rc4 Qe8 16. Qd2 f5 17. Qc3 fxe4 18. dxe4 Rxf3 19. gxf3 Nd4 20. Rxd4 exd4 21. Bxd4 c6 22. Bxg7 cxd5 23. exd5 Rc8 24. Qd4 Rxc2 25. Bf6 Bh3 26. Ra1 Qc8 27. Qe3 Rc7 28. Bc3 Qf5 29. Rxa6 Qxd5 30. Ra1 Qf5 31. Re1 Rf7 32. f4 Qg4+ 33. Qg3 Qh5 34. f3 Bd7 35. Kf2 Qc5+ 36. Re3 Re7 37. Bd2 Qd4 38. Ke2 Bb5+ 39. Ke1 Rxe3+ 40. Bxe3 Qxe3+ 41. Kd1 Ba4+ 42. b3 Bxb3# 0-1


[Site "https://www.chess.com"]

[Event "Titled Tuesday Blitz March 01 Late 2022"]
[White "Ashiev, Eduard"]
[Black "Jaskolka, Tomasz"]
[WhiteFideId "4130090"]
[BlackFideId "1170791"]
[WhiteElo "2004"]
[BlackElo "2054"]
[Result "0-1"]
[Round "10"]
[TimeControl "180+1"]
[Date "2022.03.02"]
[WhiteClock "0:00:01"]
[BlackClock "0:00:41"]

1. d4 e6 2. e4 d5 3. Nc3 Bb4 4. exd5 exd5 5. Bd3 Nf6 6. h3 O-O 7. Qf3 Nc6 8. Ne2 Ne4 9. O-O f5 10. a3 Be7 11. b3 Be6 12. Bb5 Bf6 13. Bxc6 bxc6 14. Rd1 Qe8 15. Bf4 Qf7 16. Be5 Bh4 17. g3 Bg5 18. Na4 Bh6 19. Nc5 g5 20. Nxe4 dxe4 21. Qc3 Bd5 22. Qc5 f4 23. c4 fxg3 24. Bxg3 Be6 25. d5 Bxh3 26. Nd4 Bg7 27. Kh2 g4 28. Ne6 Qf3 0-1


[Site "https://www.chess.com"]

[Event "Titled Tuesday Blitz March 01 Late 2022"]
[White "Aukhatov, Roman"]
[Black "Hua, Lefong"]
[WhiteFideId "44150768"]
[BlackFideId "2602253"]
[WhiteElo "2112"]
[BlackElo "2608"]
[Result "0-1"]
[Round "10"]
[TimeControl "180+1"]
[Date "2022.03.01"]
[WhiteClock "0:00:19"]
[BlackClock "0:00:19"]

1. Nf3 Nf6 2. c4 g6 3. Nc3 Bg7 4. e4 d6 5. d4 O-O 6. Be2 Bg4 7. Be3 Nfd7 8. Rc1 c5 9. d5 Na6 10. O-O Nc7 11. Qd2 Bxf3 12. Bxf3 e6 13. Be2 exd5 14. exd5 Re8 15. Rfe1 a6 16. h3 f5 17. a4 Qf6 18. Bf1 Rab8 19. Rcd1 b6 20. Bg5 Qf8 21. Re2 Rxe2 22. Nxe2 b5 23. axb5 axb5 24. Nc3 bxc4 25. Bxc4 Rb4 26. b3 Ne5 27. Re1 Nxc4 28. bxc4 Rxc4 29. Nd1 Rd4 30. Qa5 Nxd5 31. Qb5 h6 32. Bc1 Kh7 33. Bb2 Re4 34. Rxe4 fxe4 35. Qc4 Qf5 36. g4 Qe6 37. Bxg7 Kxg7 38. Nc3 Nf4 39. Qxe6 Nxe6 40. Nxe4 d5 41. Nd6 c4 42. Kf1 Kf6 43. Ke2 Nf4+ 44. Ke3 Nxh3 45. Kd4 Nxf2 46. Nb5 Nxg4 47. Kxd5 Kf5 48. Nd6+ Kf4 49. Kxc4 h5 50. Kd3 h4 51. Ne4 Ne5+ 52. Kd4 Nf3+ 53. Kd3 h3 54. Nf2 Kg3 55. Ke2 Kg2 56. Nxh3 Kxh3 57. Kxf3 g5 58. Kf2 g4 59. Kg1 Kg3 60. Kf1 Kh2 61. Kf2 g3+ 0-1


[Site "https://www.chess.com"]

[Event "Titled Tuesday Blitz March 01 Late 2022"]
[White "Beerdsen, Thomas"]
[Black "Van Foreest, Jorden"]
[WhiteFideId "1030108"]
[BlackFideId "1039784"]
[WhiteElo "2585"]
[BlackElo "2609"]
[Result "0-1"]
[Round "10"]
[TimeControl "180+1"]
[Date "2022.03.01"]
[WhiteClock "0:01:07"]
[BlackClock "0:00:39"]

1. e4 Nc6 2. Nc3 e5 3. Bc4 Nf6 4. d3 Na5 5. Nf3 d6 6. a4 Nxc4 7. dxc4 Be7 8. O-O O-O 9. Qd3 a5 10. c5 dxc5 11. Nxe5 Qxd3 12. Nxd3 Rd8 13. Bf4 c4 14. Ne5 Bd6 15. Rfd1 Re8 16. Nb5 Nh5 17. Rxd6 cxd6 18. Nxd6 Re6 19. Nexc4 Nxf4 20. e5 Bd7 21. Nxb7 Bc6 22. Nbxa5 Bxg2 23. f3 Bxf3 24. Kf2 Bd5 25. b3 Ng6 26. Re1 Rea6 27. Rd1 Rxa5 28. Nxa5 Rxa5 29. b4 Rxa4 30. c3 Ra2+ 31. Ke3 Be6 32. Kd4 Rxh2 33. b5 Rb2 34. Kc5 h5 35. b6 Nxe5 36. c4 Nxc4 37. b7 Rxb7 38. Rd8+ Kh7 39. Rd1 h4 40. Rd4 g5 41. Kc6 Rb6+ 42. Kc5 h3 0-1


[Site "https://www.chess.com"]

[Event "Titled Tuesday Blitz March 01 Late 2022"]
[White "Bortnyk, Olexandr"]
[Black "Riazantsev, Alexander"]
[WhiteFideId "14120828"]
[BlackFideId "4125029"]
[WhiteElo "2723"]
[BlackElo "2595"]
[Result "1-0"]
[Round "10"]
[TimeControl "180+1"]
[Date "2022.03.01"]
[WhiteClock "0:00:18"]
[BlackClock "0:00:01"]

1. e4 c6 2. c4 d5 3. cxd5 cxd5 4. exd5 Nf6 5. Qa4+ Nbd7 6. Nc3 g6 7. Bc4 Bg7 8. d3 O-O 9. Nf3 a6 10. Qa3 b6 11. O-O Bb7 12. Re1 Re8 13. Be3 Rc8 14. Qb4 Bf8 15. Qb3 Ng4 16. Bd4 Bg7 17. Bxg7 Kxg7 18. a4 Ngf6 19. h3 Nc5 20. Qa2 Qd6 21. Ne4 Qf4 22. Nxc5 Rxc5 23. b4 Rc7 24. Re5 Rd8 25. Rae1 b5 26. axb5 axb5 27. Qa5 Rcd7 28. Bxb5 Rxd5 29. Rxe7 Bc6 30. Qa7 R5d7 31. Qc5 Bxb5 32. Qxb5 Rxd3 33. Ng5 Kg8 34. Nxf7 Rd1 35. Nxd8 1-0


[Site "https://www.chess.com"]

[Event "Titled Tuesday Blitz March 01 Late 2022"]
[White "Boyer, Mahel"]
[Black "Bibasa, Bob"]
[WhiteFideId "45102422"]
[BlackFideId "10000240"]
[WhiteElo "2328"]
[BlackElo "2056"]
[Result "1-0"]
[Round "10"]
[TimeControl "180+1"]
[Date "2022.03.01"]
[WhiteClock "0:01:20"]
[BlackClock "0:01:23"]

1. e4 c5 2. Nf3 d6 3. c3 Nf6 4. Bd3 g6 5. O-O Bg7 6. Bc2 O-O 7. d4 cxd4 8. cxd4 Bg4 9. Nbd2 Nc6 10. h3 Bd7 11. Re1 Rc8 12. e5 dxe5 13. dxe5 Nd5 14. Ne4 Ndb4 15. Bb3 Bf5 16. e6 Qxd1 17. exf7+ Rxf7 18. Bxf7+ Kxf7 19. Rxd1 Bxe4 20. Ng5+ Ke8 21. Nxe4 Nd4 22. Be3 Nbc2 23. Bxd4 Bxd4 24. Rab1 e5 25. Rd2 Nb4 26. a3 Rc2 27. axb4 Rxd2 28. Nxd2 Kd7 29. Nf3 1-0


[Site "https://www.chess.com"]

[Event "Titled Tuesday Blitz March 01 Late 2022"]
[White "Bryakin, Mikhail"]
[Black "Yurtseven, Melih"]
[WhiteFideId "4165314"]
[BlackFideId "6312160"]
[WhiteElo "2737"]
[BlackElo "2530"]
[Result "1/2-1/2"]
[Round "10"]
[TimeControl "180+1"]
[Date "2022.03.02"]
[WhiteClock "0:02:15"]
[BlackClock "0:01:23"]

1. e4 c6 2. Nf3 d5 3. d3 dxe4 4. dxe4 Qxd1+ 5. Kxd1 f6 6. Be3 e5 7. Bc4 a5 8. a3 b5 9. Ba2 Nh6 10. h3 Nf7 11. Nbd2 Bd6 12. Ne1 Ke7 13. Nd3 Na6 14. c4 Be6 15. cxb5 cxb5 16. Bxe6 Kxe6 17. Rc1 Rhd8 18. Ke2 b4 19. a4 Rdc8 20. Nc4 Bc7 21. Rhd1 Nd6 22. b3 Nxc4 23. Rxc4 Bd8 24. Rdc1 Rxc4 25. Rxc4 Kd7 26. g3 Rc8 27. Nb2 Rxc4 28. Nxc4 Kc6 29. f4 exf4 30. gxf4 Bc7 31. Kf3 Nc5 32. Bxc5 Kxc5 33. Ke3 g5 34. fxg5 fxg5 35. Kd3 h5 36. Ne3 Bf4 37. Nd5 Be5 38. Ne3 Bf4 39. Nc4 Bc7 40. Ne3 Bg3 41. Nc4 Bc7 1/2-1/2


[Site "https://www.chess.com"]

[Event "Titled Tuesday Blitz March 01 Late 2022"]
[White "Cagara, Paulina"]
[Black "Vargas Pereda, Jesus Manue"]
[WhiteFideId "1124870"]
[BlackFideId "5115710"]
[WhiteElo "1828"]
[BlackElo "1781"]
[Result "1-0"]
[Round "10"]
[TimeControl "180+1"]
[Date "2022.03.02"]
[WhiteClock "0:00:38"]
[BlackClock "0:00:48"]

1. e4 c5 2. Nc3 Nc6 3. Bb5 e6 4. Bxc6 bxc6 5. d3 d5 6. f4 Nf6 7. Qe2 Be7 8. Nf3 Ba6 9. b3 c4 10. bxc4 Bb4 11. Bd2 Bxc3 12. Bxc3 dxe4 13. dxe4 O-O 14. O-O Qb6+ 15. Bd4 c5 16. Bxf6 gxf6 17. f5 e5 18. Rab1 Qa5 19. Rb3 Rad8 20. Nxe5 fxe5 21. f6 Kh8 22. Rh3 Qd2 23. Qh5 h6 24. Qxe5 Rg8 25. g3 Qd4+ 26. Qxd4 Rxd4 27. Rxh6# 1-0


[Site "https://www.chess.com"]

[Event "Titled Tuesday Blitz March 01 Late 2022"]
[White "Carre, Sylvain"]
[Black "Antonova, Nadezhda"]
[WhiteFideId "642118"]
[BlackFideId "14700182"]
[WhiteElo "2105"]
[BlackElo "1765"]
[Result "1-0"]
[Round "10"]
[TimeControl "180+1"]
[Date "2022.03.02"]
[WhiteClock "0:00:29"]
[BlackClock "0:00:15"]

1. d4 Nf6 2. Bf4 g6 3. e3 Bg7 4. Be2 O-O 5. Nf3 d6 6. O-O c5 7. c3 Nbd7 8. h3 b6 9. Nbd2 Bb7 10. Bh2 Qc7 11. a4 a6 12. Re1 Ne4 13. Nxe4 Bxe4 14. Nd2 Bc6 15. Bf3 b5 16. Bxc6 Qxc6 17. Qf3 Qxf3 18. Nxf3 Nb6 19. axb5 axb5 20. Nd2 Ra4 21. dxc5 dxc5 22. Bc7 Rxa1 23. Rxa1 Ra8 24. Rxa8+ Nxa8 25. Ba5 f5 26. Nb3 c4 27. Nd4 Bxd4 28. exd4 Kf7 29. Kf1 Ke6 30. Ke2 Kd5 31. Kf3 e5 32. dxe5 Kxe5 33. g4 f4 34. h4 h6 35. h5 g5 36. Bd8 Ke6 37. Ke4 Kd7 38. Bxg5 hxg5 39. h6 Nc7 40. h7 Ne6 41. h8=Q Nc5+ 42. Kd5 Nd3 43. Qg7+ Ke8 44. Kd6 1-0


[Site "https://www.chess.com"]

[Event "Titled Tuesday Blitz March 01 Late 2022"]
[White "Chernomordik, Pavel"]
[Black "Hamley, Ryan"]
[WhiteFideId "2804530"]
[BlackFideId "30959497"]
[WhiteElo "2450"]
[BlackElo "2586"]
[Result "1-0"]
[Round "10"]
[TimeControl "180+1"]
[Date "2022.03.02"]
[WhiteClock "0:00:37"]
[BlackClock "0:00:17"]

1. e4 c6 2. Nc3 g6 3. Bc4 d5 4. exd5 b5 5. Bb3 b4 6. Nce2 cxd5 7. a3 bxa3 8. Rxa3 Nc6 9. d4 e5 10. Ra1 e4 11. Nf4 Nf6 12. f3 Bd6 13. fxe4 dxe4 14. Ba4 Bd7 15. Nge2 O-O 16. O-O Qc7 17. Ng3 Rfe8 18. c3 Ne7 19. Bb3 Nf5 20. Nxf5 Bxf5 21. h3 e3 22. Ne2 Ne4 23. Bxe3 Ng3 24. Nxg3 Bxg3 25. Qf3 Re7 26. Qxa8+ Kg7 27. Qf3 Be4 28. Qf6+ 1-0


[Site "https://www.chess.com"]

[Event "Titled Tuesday Blitz March 01 Late 2022"]
[White "Csonka, Balazs"]
[Black "Dourerassou, Jonathan"]
[WhiteFideId "742910"]
[BlackFideId "628050"]
[WhiteElo "2404"]
[BlackElo "2513"]
[Result "0-1"]
[Round "10"]
[TimeControl "180+1"]
[Date "2022.03.01"]
[WhiteClock "0:00:02"]
[BlackClock "0:00:48"]

1. d4 Nf6 2. c4 g6 3. Nc3 d5 4. cxd5 Nxd5 5. e4 Nxc3 6. bxc3 Bg7 7. Be3 c5 8. Rc1 O-O 9. Nf3 Bg4 10. Be2 Nc6 11. d5 Bxf3 12. Bxf3 Ne5 13. Be2 Qa5 14. Qd2 Rad8 15. O-O b6 16. Rfd1 e6 17. c4 Qa3 18. Qc2 exd5 19. exd5 Rfe8 20. Qb3 Qa6 21. h3 Nd7 22. Bg4 Nf6 23. Bf3 Qc8 24. Rd3 Nd7 25. Bg4 f5 26. Bd1 Qb8 27. Bd2 Bd4 28. Rxd4 cxd4 29. Qd3 Qe5 30. Bf3 Nc5 31. Qa3 Qe7 32. Bb4 a5 33. Bd2 Ne4 34. Qb2 Qc5 35. h4 d3 36. Be3 Qb4 37. Qd4 d2 38. Rd1 Qc3 39. Qxc3 Nxc3 40. Rxd2 b5 41. cxb5 Nxb5 42. Bb6 Rd7 43. Bxa5 Nd6 44. Bb4 Nc4 45. Rc2 Ne5 46. Be2 Rb8 47. a3 Rxd5 48. f4 Nd3 49. Bf3 Rd7 50. Bc3 Nxf4 51. Rd2 Rb1+ 52. Kh2 Rxd2 53. Bxd2 Ne6 54. a4 Ra1 55. Bc6 Kf7 56. a5 Ke7 57. Bb5 Nd4 58. Bc4 Ra4 59. Bf1 Ra2 60. Bb4+ Kd7 61. Kg1 Nc6 62. Bb5 Rb2 63. Bxc6+ Kxc6 64. Bc3 Rc2 65. Bb4 Kb5 66. Be1 Rc1 67. Kf2 Rc4 68. Kf3 Ra4 69. Bd2 Kc5 70. Be1 Kd5 71. Bd2 Kd4 72. Be1 Kd3 73. Kg3 Ke3 74. Bc3 Rg4+ 75. Kh3 Rc4 76. Be1 Ra4 77. Bc3 Kf2 78. Kh2 0-1


[Site "https://www.chess.com"]

[Event "Titled Tuesday Blitz March 01 Late 2022"]
[White "Cupid, Kevin"]
[Black "Perez Torres, Nabi Isaias"]
[WhiteFideId "7700512"]
[BlackFideId "5120373"]
[WhiteElo "2096"]
[BlackElo "1755"]
[Result "1-0"]
[Round "10"]
[TimeControl "180+1"]
[Date "2022.03.02"]
[WhiteClock "0:01:44"]
[BlackClock "0:00:44"]

1. d4 Nf6 2. Nf3 g6 3. c4 Bg7 4. Nc3 O-O 5. Bg5 d6 6. e3 b6 7. Be2 Bb7 8. O-O Nbd7 9. Rc1 c5 10. a3 cxd4 11. exd4 Rc8 12. Re1 Re8 13. b3 e6 14. Nb5 Nf8 15. Nxa7 Ra8 16. Nb5 Bc6 17. a4 h6 18. Bh4 g5 19. Bg3 Ne4 20. d5 Bxb5 21. axb5 exd5 22. Qxd5 Nc3 23. Qd3 Ne4 24. Nd4 Qf6 25. Nc6 Nd7 26. Bf3 Ndc5 27. Qc2 Ra3 28. Bxe4 1-0


[Site "https://www.chess.com"]

[Event "Titled Tuesday Blitz March 01 Late 2022"]
[White "Daggupati, Balaji"]
[Black "Kopczynski, Michal"]
[WhiteFideId "2090759"]
[BlackFideId "1124200"]
[WhiteElo "2747"]
[BlackElo "2235"]
[Result "0-1"]
[Round "10"]
[TimeControl "180+1"]
[Date "2022.03.01"]
[WhiteClock "0:00:03"]
[BlackClock "0:00:11"]

1. e4 c5 2. Nf3 d6 3. d4 cxd4 4. Nxd4 Nf6 5. Nc3 g6 6. Be3 Bg7 7. f3 O-O 8. Qd2 Nc6 9. O-O-O d5 10. Qe1 e5 11. Nxc6 bxc6 12. exd5 cxd5 13. Bg5 Qa5 14. Qxe5 Re8 15. Qd6 Be6 16. Qa6 Qb4 17. Qa4 Qb6 18. Qa6 Qb4 19. a3 Qc5 20. Qb5 Qc7 21. Be3 Nd7 22. Bd4 Rab8 23. Qd3 Qb7 24. Bxg7 Qxb2+ 25. Kd2 Kxg7 26. Qd4+ Kg8 27. Bb5 Qxa3 28. Bxd7 Bxd7 29. Ra1 Qe7 30. h4 Rb4 31. Qd3 Rxh4 32. Nxd5 Qg5+ 33. f4 Qxg2+ 34. Kc3 Rxh1 35. Rxh1 Qxh1 36. Nf6+ Kg7 37. Nxd7 Qc6+ 38. Kb2 f6 39. Qd4 Rd8 40. Ne5 Qb5+ 0-1


[Site "https://www.chess.com"]

[Event "Titled Tuesday Blitz March 01 Late 2022"]
[White "Demidov, Mikhail"]
[Black "Paravyan, David"]
[WhiteFideId "4197143"]
[BlackFideId "4194985"]
[WhiteElo "2525"]
[BlackElo "2569"]
[Result "1-0"]
[Round "10"]
[TimeControl "180+1"]
[Date "2022.03.01"]
[WhiteClock "0:00:34"]
[BlackClock "0:00:35"]

1. Nf3 Nf6 2. d4 g6 3. g3 Bg7 4. Bg2 d5 5. O-O O-O 6. c3 Nbd7 7. Nbd2 Re8 8. Re1 e5 9. dxe5 Nxe5 10. Nxe5 Rxe5 11. Nf3 Re8 12. Bf4 c6 13. Qb3 Qb6 14. Rad1 Bf5 15. Nd4 Bg4 16. h3 Bd7 17. Nf3 Ne4 18. Be3 Qa6 19. Bd4 Bxd4 20. cxd4 Qb6 21. Qc2 Bf5 22. Qc1 Kg7 23. e3 Re7 24. Nh4 Be6 25. b3 Rae8 26. Qb2 Kg8 27. Nf3 f6 28. Nd2 Nd6 29. Qc3 Bf7 30. a4 a5 31. Rb1 Kg7 32. b4 axb4 33. Rxb4 Qd8 34. Reb1 Be6 35. Qc5 Rc7 36. a5 Ree7 37. Rb6 Nc8 38. R6b2 Bf5 39. Ra1 Qd7 40. Kh2 Nd6 41. a6 bxa6 42. Rxa6 Nf7 43. Ra8 Rc8 44. Rxc8 Qxc8 45. Qxe7 1-0


[Site "https://www.chess.com"]

[Event "Titled Tuesday Blitz March 01 Late 2022"]
[White "Dias, Joao Batista"]
[Black "Jarocka, Liwia"]
[WhiteFideId "2108240"]
[BlackFideId "21807558"]
[WhiteElo "1898"]
[BlackElo "1896"]
[Result "1/2-1/2"]
[Round "10"]
[TimeControl "180+1"]
[Date "2022.03.02"]
[WhiteClock "0:01:14"]
[BlackClock "0:00:21"]

1. e4 c5 2. Nf3 d6 3. d4 cxd4 4. Nxd4 Nf6 5. Bd3 Nc6 6. Nxc6 bxc6 7. O-O e5 8. b3 Be7 9. Bb2 O-O 10. Nd2 Re8 11. Qe2 Bg4 12. f3 Be6 13. Kh1 Nd7 14. c4 Bf6 15. Rad1 Qc7 16. Bb1 a5 17. Rfe1 Rad8 18. Nf1 Nc5 19. Ne3 Rb8 20. Ba3 Nb7 21. Rd2 Rbd8 22. Red1 Bg5 23. Rd3 Bxe3 24. Qxe3 c5 25. Bb2 a4 26. Bc2 axb3 27. axb3 Na5 28. Bc3 Nc6 29. h3 f6 30. Kh2 Nd4 31. Bxd4 cxd4 32. Qd2 Ra8 33. f4 Ra2 34. f5 Bf7 35. Qc1 Rea8 36. Bb1 Ra1 37. Qb2 Qc5 38. Kg3 Qb4 39. Kh2 Bxc4 40. R3d2 Qxb3 41. Qxb3 Bxb3 42. Rc1 Bf7 43. Rb2 d5 44. Rc5 dxe4 45. Bxe4 Rf8 46. Rc7 Re1 47. Bc6 d3 48. Rbb7 d2 49. Rxf7 Rh1+ 50. Kg3 Rd8 51. Rxg7+ Kh8 52. Rxh7+ Kg8 53. Rbg7+ Kf8 54. Rf7+ Kg8 55. Rhg7+ Kh8 56. Rh7+ Kg8 57. Rfg7+ Kf8 58. Rf7+ Kg8 1/2-1/2


[Site "https://www.chess.com"]

[Event "Titled Tuesday Blitz March 01 Late 2022"]
[White "Djokic, Mihailo"]
[Black "Holt, Conrad"]
[WhiteFideId "976440"]
[BlackFideId "2034387"]
[WhiteElo "2008"]
[BlackElo "2586"]
[Result "0-1"]
[Round "10"]
[TimeControl "180+1"]
[Date "2022.03.01"]
[WhiteClock "0:00:30"]
[BlackClock "0:01:40"]

1. e4 e6 2. d4 d5 3. Nc3 Nf6 4. Bg5 dxe4 5. Nxe4 Be7 6. Bxf6 Bxf6 7. Nf3 Nd7 8. Bc4 a6 9. Qe2 Be7 10. d5 exd5 11. Bxd5 Nb6 12. Bb3 O-O 13. Rd1 Qe8 14. O-O Bg4 15. h3 Bh5 16. Ng3 Bg6 17. Rfe1 Bb4 18. c3 Qxe2 19. Rxe2 Bd6 20. Nh4 Rfe8 21. Nxg6 Rxe2 22. Nxe2 hxg6 23. Kf1 a5 24. Rd4 a4 25. Bc2 Ra5 26. Be4 Rb5 27. Rd2 Nc4 28. Rc2 Nxb2 29. Nd4 Rb6 30. c4 Be5 31. Nf3 Bf6 32. a3 Rb3 33. Nd2 Rxa3 34. Bxb7 Nd3 35. g3 Ra1+ 36. Kg2 Nb4 0-1


[Site "https://www.chess.com"]

[Event "Titled Tuesday Blitz March 01 Late 2022"]
[White "Domingo Nunez, Alejandro"]
[Black "Salinas Herrera, Pablo"]
[WhiteFideId "22245561"]
[BlackFideId "3407128"]
[WhiteElo "2215"]
[BlackElo "2541"]
[Result "0-1"]
[Round "10"]
[TimeControl "180+1"]
[Date "2022.03.01"]
[WhiteClock "0:00:04"]
[BlackClock "0:00:57"]

1. Nf3 d5 2. g3 Nf6 3. Bg2 Bg4 4. O-O e6 5. d3 c5 6. Nbd2 Nc6 7. h3 Bh5 8. b3 Be7 9. Bb2 O-O 10. e4 Qc7 11. Re1 Rfd8 12. Qc1 b5 13. exd5 Nxd5 14. Ne4 Bg6 15. h4 Rac8 16. a4 a6 17. axb5 axb5 18. Neg5 Nd4 19. Ne5 Bf6 20. Nxg6 hxg6 21. Ne4 Be7 22. Ra6 Nb4 23. Ra1 Ndxc2 24. Bf1 Nxe1 25. Qxe1 Nc2 26. Qc3 Nd4 27. Rc1 b4 28. Qc4 Qb7 29. Bg2 Qd7 30. Kh2 Qb5 31. Nd2 Qxc4 32. dxc4 Ne2 33. Rc2 Bf6 34. Bxf6 gxf6 35. Ne4 Nd4 36. Rb2 f5 37. Nd2 e5 38. Nf1 e4 39. Ne3 Kg7 40. Nd5 Ra8 41. Nb6 Ra3 42. Rd2 Nf3+ 0-1


[Site "https://www.chess.com"]

[Event "Titled Tuesday Blitz March 01 Late 2022"]
[White "Dubov, Daniil"]
[Black "Jobava, Baadur"]
[WhiteFideId "24126055"]
[BlackFideId "13601520"]
[WhiteElo "2791"]
[BlackElo "2617"]
[Result "1-0"]
[Round "10"]
[TimeControl "180+1"]
[Date "2022.03.01"]
[WhiteClock "0:00:20"]
[BlackClock "0:00:06"]

1. e4 c6 2. d4 d5 3. e5 Bf5 4. Nf3 e6 5. Be2 h6 6. O-O Ne7 7. c4 Bh7 8. Nc3 Nf5 9. Re1 Be7 10. Bd3 dxc4 11. Bxc4 Nd7 12. Bd3 Nb6 13. Qc2 Bg6 14. Bd2 O-O 15. Rad1 Nd5 16. a3 Rc8 17. Ne4 Bh5 18. Be2 Bxf3 19. Bxf3 Nxd4 20. Qd3 Nxf3+ 21. Qxf3 Qb6 22. Qg3 Kh7 23. Qd3 Kh8 24. Qh3 Kh7 25. Qd3 Kg8 26. Qg3 h5 27. Bh6 g6 28. Bxf8 Rxf8 29. Rd2 a5 30. Red1 Kg7 31. h4 a4 32. Ng5 Ra8 33. Kh2 Ra5 34. Rd3 Qxb2 35. Rf3 Bxg5 36. Qxg5 Qe2 37. Rxd5 1-0


[Site "https://www.chess.com"]

[Event "Titled Tuesday Blitz March 01 Late 2022"]
[White "Elissalt Cardenas, Hector"]
[Black "Erdogdu, Mert"]
[WhiteFideId "3500632"]
[BlackFideId "6301495"]
[WhiteElo "2159"]
[BlackElo "2485"]
[Result "0-1"]
[Round "10"]
[TimeControl "180+1"]
[Date "2022.03.02"]
[WhiteClock "0:00:18"]
[BlackClock "0:01:40"]

1. d4 e6 2. c4 d5 3. Nc3 c5 4. cxd5 exd5 5. Nf3 Nc6 6. Be3 c4 7. Bg5 Be7 8. Bxe7 Ngxe7 9. g3 O-O 10. Bg2 b5 11. a3 Rb8 12. O-O a5 13. Ne5 Be6 14. Nxc6 Nxc6 15. e4 Ne7 16. Re1 dxe4 17. Bxe4 Nd5 18. Nxd5 Bxd5 19. a4 b4 20. Bxd5 Qxd5 21. Re5 Qa8 22. d5 Rfd8 23. Qd4 Rbc8 24. d6 c3 25. bxc3 bxc3 26. d7 Rc7 27. Rae1 h6 0-1


[Site "https://www.chess.com"]

[Event "Titled Tuesday Blitz March 01 Late 2022"]
[White "Fishbein, Alexander"]
[Black "Dobre, Claudiu-Cristian"]
[WhiteFideId "2000377"]
[BlackFideId "1211854"]
[WhiteElo "2623"]
[BlackElo "2507"]
[Result "1-0"]
[Round "10"]
[TimeControl "180+1"]
[Date "2022.03.02"]
[WhiteClock "0:01:23"]
[BlackClock "0:00:01"]

1. e4 e5 2. Nf3 Nf6 3. Nxe5 d6 4. Nf3 Nxe4 5. d3 Nf6 6. d4 Be7 7. Bd3 O-O 8. O-O Nc6 9. c3 Bg4 10. Bg5 Qd7 11. Nbd2 Rae8 12. Re1 Bf5 13. Qc2 Bxd3 14. Qxd3 h6 15. Bh4 Nd5 16. Bg3 Nb6 17. Qb5 a6 18. Qh5 Bd8 19. h3 Rxe1+ 20. Rxe1 Re8 21. Ne4 f5 22. Qxe8+ Qxe8 23. Nf6+ Bxf6 24. Rxe8+ Kf7 25. Re2 g5 26. Bh2 Ne7 27. Ne1 f4 28. Kf1 Na4 29. Nd3 b5 30. Bg1 Nb6 31. f3 Nf5 32. Bf2 Nd5 33. Ne1 c6 34. Nc2 Bd8 35. Ke1 Ba5 36. Kd2 Bd8 37. Kd3 Bb6 38. b3 Nf6 39. c4 d5 40. Nb4 bxc4+ 41. bxc4 dxc4+ 42. Kxc4 Nd6+ 43. Kd3 a5 44. Nxc6 Nd5 45. Re5 1-0


[Site "https://www.chess.com"]

[Event "Titled Tuesday Blitz March 01 Late 2022"]
[White "Garriga Cazorla, Pere"]
[Black "Mogranzini, Roberto"]
[WhiteFideId "32011601"]
[BlackFideId "810894"]
[WhiteElo "2458"]
[BlackElo "2469"]
[Result "0-1"]
[Round "10"]
[TimeControl "180+1"]
[Date "2022.03.01"]
[WhiteClock "0:01:10"]
[BlackClock "0:01:03"]

1. Nf3 c5 2. e4 Nc6 3. d4 cxd4 4. Nxd4 Qb6 5. Nb3 Nf6 6. Nc3 e6 7. Be3 Qc7 8. a3 a6 9. f4 d6 10. g4 h6 11. h4 h5 12. g5 Ng4 13. Bg1 b5 14. Be2 b4 15. axb4 Nxb4 16. Ra4 Rb8 17. Qd2 Bd7 18. Ra1 Be7 19. Bxg4 hxg4 20. h5 Qc4 21. Bd4 Rh7 22. Na5 Qxd4 23. Qxd4 Nxc2+ 24. Kd2 Nxd4 25. Ke3 Nc2+ 26. Kd2 Nxa1 27. Rxa1 Rxh5 28. Nc4 Bb5 29. Ne3 g3 30. Rg1 Rh2+ 31. Kc1 Bd3 32. Ned1 Rc2+ 0-1


[Site "https://www.chess.com"]

[Event "Titled Tuesday Blitz March 01 Late 2022"]
[White "Gatterer, Florian"]
[Black "Zhurbinsky, David"]
[WhiteFideId "811688"]
[BlackFideId "2072904"]
[WhiteElo "2218"]
[BlackElo "2497"]
[Result "0-1"]
[Round "10"]
[TimeControl "180+1"]
[Date "2022.03.02"]
[WhiteClock "0:00:14"]
[BlackClock "0:00:43"]

1. Nf3 Nf6 2. c4 e6 3. g3 d5 4. Bg2 c5 5. cxd5 exd5 6. d4 Nc6 7. O-O Bg4 8. dxc5 Bxc5 9. Nc3 O-O 10. Bg5 Be6 11. Rc1 Be7 12. Nd4 Qd7 13. Nxe6 fxe6 14. e3 Rac8 15. Qa4 a6 16. Rcd1 Qc7 17. Bf4 Bd6 18. Bxd6 Qxd6 19. e4 d4 20. e5 Qxe5 21. Bxc6 dxc3 22. Bxb7 c2 23. Rc1 Rc7 24. Bg2 Qxb2 25. Qxa6 Re8 26. a4 Ng4 27. Qb5 Rb8 28. Qg5 Ne5 29. Be4 Rc4 30. Rxc2 Rxc2 31. Bxc2 Nf3+ 32. Kg2 Nxg5 33. h4 Qxc2 0-1


[Site "https://www.chess.com"]

[Event "Titled Tuesday Blitz March 01 Late 2022"]
[White "Gerbelli Neto, Eduardo"]
[Black "Balint, Vilmos"]
[WhiteFideId "2103281"]
[BlackFideId "718050"]
[WhiteElo "2178"]
[BlackElo "2059"]
[Result "1/2-1/2"]
[Round "10"]
[TimeControl "180+1"]
[Date "2022.03.02"]
[WhiteClock "0:00:20"]
[BlackClock "0:00:52"]

1. e4 e5 2. Nc3 Bc5 3. Bc4 Nf6 4. d3 O-O 5. Nf3 c6 6. Bg5 d6 7. O-O h6 8. Bh4 Be6 9. Bb3 a5 10. Ne2 Nbd7 11. c3 Qb6 12. d4 Bxb3 13. axb3 exd4 14. cxd4 Bb4 15. e5 Nd5 16. Bg3 dxe5 17. Nxe5 Nxe5 18. dxe5 Rad8 19. Qc2 Rfe8 20. Rad1 Be7 21. Nc3 Nb4 22. Qf5 Rxd1 23. Rxd1 Rd8 24. e6 Rxd1+ 25. Nxd1 f6 26. Qg6 Qc5 27. Qf7+ Kh7 28. Nc3 Nd5 29. h4 Nxc3 30. bxc3 h5 31. c4 b5 32. cxb5 cxb5 33. Bf4 a4 34. bxa4 bxa4 35. Be3 Qd6 36. Qxh5+ Kg8 37. Qf7+ Kh7 38. Qh5+ Kg8 39. Qe8+ Kh7 40. Qh5+ 1/2-1/2


[Site "https://www.chess.com"]